Semilg, neutral male human Priest --- ----.--- -- ---- --.|..>.| .| ---...| |.......-- --- -.| ......- --.......|--.--- |.| ....... -----....-|.....| |.| - ......-- ---..----%---.....---.| -- - ..------.......| |<........)...................................| |..|.------......--.-.---------- ..--.........| ------ --.|..--|...|----- -.......... ------ ---)--...| ......... |......| --- -.....--. |..%...----.---.......- -.......).).........--W--- --.......--...%.%.d*%....| -......*........%..%.-- - -......------.....%@%.| ........- ----..[.G.- ........|... |........ -..--.|.---.- ---.------ --- ----- --- --- Semilg the Acolyte Experience level: 5 Strength: 11 Dexterity: 11 Constitution: 14 Intelligence: 19 Wisdom: 11 Charisma: 9 Health: 0(43) Energy: 56(56) Def: 3 Gold: 149 Moves: 1416 Dungeon seed: ZA_2FNuNUiB9-7EQ Game ID: Semilg_1552766847 Your Inventory: Coins $ - 149 gold pieces Weapons a - a blessed +1 mace (weapon in hand) v - an uncursed +1 morning star y - 6 uncursed +0 darts z - 14 uncursed +0 arrows A - an uncursed +1 bow Armor e - an uncursed +0 robe (being worn) n - an uncursed +0 small shield (being worn) q - an uncursed +0 pair of speed boots Comestibles o - an uncursed food ration x - 4 uncursed food rations B - an uncursed melon Scrolls j - a blessed scroll of stinking cloud s - an uncursed scroll of scare monster t - an uncursed scroll of fire u - an uncursed scroll of identify Spellbooks g - an uncursed spellbook of detect monsters h - an uncursed spellbook of light i - an uncursed spellbook of healing Potions b - 4 potions of holy water k - an uncursed potion of sleeping r - an uncursed potion of water Wands f - an uncursed wand of cancellation (0:1) Spells and supernatural/magical abilities: Name Level Category Fail Memory h - healing 1 healing 0% 93% l - light 1 divination 0% 93% n - detect monsters 1 divination 0% 93% W - pray for help -- divine ? -- X - turn undead -- divine ? -- Your skills at the end: Miscellaneous Skills shield [Basic] wands [Basic] Weapon Skills mace [Basic] Spellcasting Skills clerical spells [Basic] Final Attributes: You were devoutly aligned. You were somewhat stealthy. You are dead. Vanquished creatures: a gnome king a kitten 2 dwarves 2 iguanas 2 hobbits an acid blob 2 geckos a brown mold a red mold 9 gnomes 3 garter snakes 3 manes 2 gnome zombies 5 jackals 4 kobolds 6 newts a goblin 2 sewer rats 3 grid bugs 51 creatures vanquished. Voluntary challenges: You were vegetarian. You did not adorn yourself with jewelry or accessories. You did not cause conflict. You were not invisible. You did not have reflection. You were not displaced. You were an atheist. You used a wielded weapon 53 times, starting on turn 2. You did not use tools. You did not use plumbed fixtures. You did not drink any magical draughts. You read items or engraved 1 time, starting on turn 871. You never genocided any monsters. You never polymorphed an object. You never changed form. You used no wishes. You never split a pudding. You never wrote Elbereth's name. You never violated your personal moral code. Dungeon overview: The Dungeons of Doom: levels 1 to 4 Level 1 a long staircase Level 2 Level 3 a general store, a fountain, some sinks stairs to The Gnomish Mines Level 4 The Gnomish Mines: levels 4 to 5 Level 4 <- You were here stairs to The Dungeons of Doom Level 5 History has recorded: On T:1 you entered the Dungeons of Doom to retrieve the Amulet of Yendor! On T:88 you reached level 2 of The Dungeons of Doom. On T:627 you advanced to experience level 2. On T:865 you advanced to experience level 3. On T:892 you reached level 3 of The Dungeons of Doom. On T:933 you reached level 1 of The Gnomish Mines. On T:1011 you reached level 4 of The Dungeons of Doom. On T:1325 you advanced to experience level 4. On T:1331 you reached level 2 of The Gnomish Mines. On T:1398 you advanced to experience level 5. Score breakdown: Gold: 149 ( 14 points) Experience: 5 levels ( 400 points) Exploration: 5 levels ( 120 points) Discoveries: 7 items ( 350 points) Variety of kills: 19 monsters ( 950 points) Major goal: (nothing yet) ( 0 points) Survival: died (score multiplied by 3) Total score: 5502 Latest messages: z - 14 uncursed arrows. A - an uncursed bow. Killer drops 2 uncursed green gems. There are a few objects here. B - an uncursed melon. Killer picks up a garter snake corpse. Killer drops a garter snake corpse. There are a few objects here. You see here an uncursed garter snake corpse. Killer misses the dwarf. You hit the dwarf. Killer misses the dwarf. The dwarf wields a stout spear! The gnome lord swings his bow at you. The gnome lord hits! The gnome lord punches you! You kill the dwarf! The gnome lord swings his bow at you. The gnome lord hits! The gnome lord punches you! You die... Final status: Goodbye Semilg the Priest, killed by a gnome lord... You died in The Gnomish Mines on dungeon level 4 with 5502 points, and 149 pieces of gold, after 1416 moves. You were level 5 with a maximum of 43 hit points when you died.